 Dungeon Crawl Stone Soup version 0.18-a0-1040-g4865665 (console) character file.

64 FIQ the Chiller (level 3, -3/24 HPs)
             Began as a Demonspawn Ice Elementalist on Jan 10, 2016.
             Was an Initiate of Yredelemnul.
             Slain by a worm (8 damage)
             ... on level 2 of the Dungeon.
             The game lasted 00:03:49 (1462 turns).

FIQ the Chiller (Demonspawn Ice Elementalist)       Turns: 1462, Time: 00:03:49

Health: -3/24      AC:  7    Str:  8    XL:     3   Next: 91%
Magic:  0/6        EV: 12    Int: 22    God:    Yredelemnul [......]
Gold:   51         SH:  0    Dex: 13    Spells: 1 memorised, 5 levels left

rFire  . . .     SeeInvis .     (no weapon)
rCold  . . .     Gourm    .     h - +2 robe {MR+}
rNeg   . . .     Faith    .     (no shield)
rPois  .         Spirit   .     (helmet restricted)
rElec  .         Dismiss  .     d - +0 cloak
rCorr  .         Reflect  .     (no gloves)
SustAt .         Harm     .     (no boots)
MR     +....                    (no amulet)
Stlth  ++........               (no ring)
                                (no ring)

@: brilliant, somewhat resistant to hostile enchantments, unstealthy
A: antennae 1, yellow scales 1
a: Renounce Religion


You were on level 2 of the Dungeon.
You worshipped Yredelemnul.
Yredelemnul was noncommittal.
You were hungry.

You visited 1 branch of the dungeon, and saw 2 of its levels.

You collected 51 gold pieces.

Inventory:

Armour
 d - a +0 cloak (worn)
 h - a +2 robe of magic resistance (worn)
Scrolls
 e - 3 scrolls of remove curse {unknown}
 f - a scroll of fog {unknown}
Books
 b - a book of Frost

   Spells                             Type                      Level
   a - Freeze                         Ice                          1
   b - Throw Frost                    Conjuration/Ice              2
   c - Ozocubu's Armour               Charms/Ice                   3
   d - Throw Icicle                   Conjuration/Ice              4
   e - Summon Ice Beast               Ice/Summoning                4
   f - Condensation Shield            Ice                          4
Comestibles
 c - 2 bread rations


   Skills:
 - Level 1.7 Dodging
 - Level 1.7 Stealth
 - Level 2.0 Spellcasting
   Level 1.0 Conjurations
 + Level 4.4 Ice Magic


You had 5 spell levels left.
You knew the following spells:

 Your Spells              Type           Power        Failure   Level  Hunger
a - Freeze                Ice            ####         1%          1    #......


Dungeon Overview and Level Annotations

Branches:
Dungeon (2/15)

Altars:
Pakellas
Yredelemnul
Zin
The Shining One


Innate Abilities, Weirdness & Mutations

You have a pair of small antennae on your head.
You are partially covered in yellow scales (AC +2).


Message History

* * * LOW HITPOINT WARNING * * *
The jackal bites you but does no damage.
Drink which item? (? for menu, Esc to quit)
It was a potion of brilliance.
You feel clever all of a sudden.
You are feeling hungry.
The jackal misses you. The worm bites you but does no damage.
Casting: Freeze
Confirm with . or Enter, or press ? or * to list all spells.
Aiming: Freeze
Press: ? - help, Shift-Dir - straight line, f - worm, p - jackal
Aim: a worm (moderately wounded)
You freeze the worm.
The worm is severely wounded.
The jackal misses you.
You barely miss the worm.
The worm is severely wounded.
The jackal barely misses you. x2
The worm bites you!
You die...
Your body rises from the dead as a mindless zombie.

######### ##.......#
##..####... #..## ####.
#.#####8### #
#.#...#_≈≈#
#.############....##..≈≈
...........##..####...≈
#..###.#....## #8_...
#..w@hh......# ##...≈
#..###l####....##..≈≈ ##
#.# #.#...#_≈≈# #.#
#.#####8### #)# #..
####. ... ... ####...
..##. ##........ .## #.
####### .. ..# # #. ..##
# # ..# #


You could see a worm, a giant gecko and 2 jackals.

Vanquished Creatures
  Jessica (D:2)
  2 worms (D:2)
  2 giant geckos (D:2)
  3 giant cockroaches
  3 goblins
  4 hobgoblins
  5 kobolds
  A quokka (D:2)
  2 bats (D:2)
  3 giant newts (D:1)
  4 rats
30 creatures vanquished.

Notes
Turn   | Place    | Note
--------------------------------------------------------------
     0 | D:1      | FIQ the Demonspawn Ice Elementalist began the quest for the Orb.
     0 | D:1      | Reached XP level 1. HP: 13/13 MP: 3/3
   193 | D:1      | Reached skill level 3 in Ice Magic
   430 | D:1      | Gained mutation: You are partially covered in yellow scales (AC +2). [demonic ancestry]
   430 | D:1      | Reached XP level 2. HP: 17/19 MP: 1/5
   635 | D:2      | Noticed Jessica
   668 | D:2      | Killed Jessica
   668 | D:2      | Gained mutation: You have a pair of small antennae on your head. [demonic ancestry]
   668 | D:2      | Reached XP level 3. HP: 10/24 MP: 0/6
   719 | D:2      | Reached skill level 4 in Ice Magic
  1062 | D:2      | Found an oddly glowing altar of Pakellas.
  1150 | D:2      | Found a glowing golden altar of the Shining One.
  1150 | D:2      | Found a basalt altar of Yredelemnul.
  1150 | D:2      | Found a glowing silver altar of Zin.
  1386 | D:2      | Became a worshipper of Yredelemnul the Dark
  1462 | D:2      | Slain by a worm

Vault maps used:
D:1:      minmay_arrival_jagged, hangedman_decor_diamond_cutter
D:2:      kennysheep_goblin_castle, gammafunk_temple_overflow_claw,
          grunt_pakellas_basics, uniq_jessica

Action                   || total
-------------------------++-------
Melee: Unarmed           ||    34
 Cast: Freeze            ||    53
  Use: Potion            ||     1
  Eat: Chunk             ||     2
